 Dungeon Crawl Stone Soup version 0.30-a0-857-gcaf70739d4 (webtiles) character file.

Game seed: 12318658741612407506

3915 bande the Cleaver (level 10, -2/61 HPs)
             Began as a Gargoyle Fighter on Mar 6, 2023.
             Slain by a death yak (5 damage)
             ... on level 9 of the Dungeon.
             The game lasted 00:14:18 (9391 turns).

bande the Cleaver (Gargoyle Fighter)                Turns: 9391, Time: 00:14:18

Health: -2/61      AC: 28    Str: 20    XL:     10   Next: 20%
Magic:  0/10       EV:  6    Int:  9    God:
Gold:   335        SH:  5    Dex: 13    Spells: 9/9 levels left

rFire   . . .      SeeInvis .    a - +1 war axe
rCold   . . .      Faith    .    c - +0 buckler
rNeg    + . .      Spirit   +    q - +0 plate armour
rPois   ∞          Reflect  .    k - +0 helmet
rElec   +          Rampage  .    (no cloak)
rCorr   .                        (no gloves)
Will    +....                    n - +1 pair of boots Stlth
                                 F - amulet of guardian spirit
HPRegen 0.30/turn                s - ring of willpower
MPRegen 0.12/turn                r - +4 ring of protection

@: about to teleport
A: sickness immunity, AC +7, negative energy resistance 1, electricity
resistance, torment resistance 1, petrification resistance
a: no special abilities


You were on level 9 of the Dungeon.
You visited 2 branches of the dungeon, and saw 10 of its levels.
You also visited: Sewer.

You collected 335 gold pieces.

Inventory:

Hand Weapons
 a - a +1 war axe (weapon)
 E - a +0 flail
 O - a +0 war axe
 R - a +3 scimitar of flaming
Armour
 c - a +0 buckler (worn)
 k - a +0 helmet (worn)
 n - a +1 pair of boots (worn)
 q - a +0 plate armour (worn)
Jewellery
 h - an amulet of magic regeneration
 i - a +6 ring of strength
 m - an amulet of regeneration
 p - the amulet "Duwnoe" {RegenMP Int+4}
   (You found it on level 3 of the Dungeon)

   [amulet of magic regeneration]

   It increases your rate of magic regeneration.
   Int:       It affects your intelligence (+4).
 r - a +4 ring of protection (right hand)
 s - a ring of willpower (left hand)
 t - a +6 ring of dexterity
 F - an amulet of guardian spirit (around neck)
 L - a ring of fire
 P - a +4 ring of protection
Wands
 D - a wand of digging (8)
 G - a wand of iceblast (13)
 M - a wand of flame (22)
 S - a wand of charming (9)
Scrolls
 b - 5 scrolls of amnesia
 f - 2 scrolls of magic mapping
 j - 3 scrolls of teleportation
 u - a scroll of fear
 v - a scroll of enchant armour
 y - 6 scrolls of blinking
 B - 3 scrolls of poison
 K - 2 scrolls of fog {unknown}
 Q - a scroll of identify
Potions
 d - 6 potions of might
 e - 3 potions of mutation {unknown}
 g - 2 potions of degeneration {unknown}
 l - 2 potions of curing
 o - 2 potions of brilliance {unknown}
 w - a potion of magic {unknown}
 x - a potion of cancellation {unknown}
 z - a potion of haste {unknown}
 A - 5 potions of heal wounds {unknown}
 C - a potion of attraction {unknown}
 H - a potion of berserk rage {unknown}
 I - 2 potions of lignification {unknown}
 J - 2 potions of flight {unknown}
 N - a potion of ambrosia {unknown}


   Skills:
 + Level 6.7 Fighting
 + Level 9.1 Axes
 + Level 7.4 Armour
 + Level 6.0 Shields
 * Level 4.4 Evocations


You had 9 spell levels left.
You didn't know any spells.
Your spell library contained the following spells:

 Spells                   Type           Power      Damage    Failure   Level
 Blink                    Tloc           0%         N/A       100%        2
 Dazzling Flash           Conj/Hex       0%         N/A       100%        3
 Manifold Assault         Tloc           0%         N/A       100%        4
 Agony                    Necr           0%         N/A       100%        5
 Silence                  Hex/Air        0%         N/A       100%        5
 Simulacrum               Ice/Necr       0%         N/A       100%        6
 Storm Form               Tmut/Air       0%         N/A       100%        7
 Fire Storm               Conj/Fire      0%         5d1       100%        9


Dungeon Overview and Level Annotations

Branches:
Dungeon (9/15)             Temple (1/1) D:6            Lair (0/5) D:9
  Sewer (visited)
    Orc: D:9-12

Altars:
Ashenzari
Cheibriados
Dithmenos
Elyvilon
Fedhas
Gozag
Kikubaaqudgha
Makhleb
Nemelex Xobeh
Qazlal
Ru
Sif Muna
Trog
Uskayaw
Vehumet
Wu Jian
Xom
Yredelemnul
Zin
The Shining One

Shops:
D:3 *

Annotations:
D:7 exclusion: oklob plant


Innate Abilities, Weirdness & Mutations

You are immune to sickness and miasma.
Your stone body is resilient. (AC +7)
You are immune to poison.
You resist negative energy. (rN+)
You are resistant to electric shocks. (rElec)
You are resistant to unholy torment.
You are immune to petrification.


Message History

You slash the death yak!
The death yak is severely wounded.
You closely miss the yak. You barely miss the black bear.
You hit the yak but do no damage. You block the death yak's attack.
The yak gores you but does no damage. The yak gores you!
* * * LOW HITPOINT WARNING * * *
The black bear bites you but does no damage.
The black bear claws you but does no damage. x2
Unknown command.
You hit the death yak but do no damage.
The death yak is heavily wounded.
You barely miss the black bear. You hit the yak but do no damage.
You hit the yak.
The death yak gores you but does no damage.
The yak gores you.
* * * LOW HITPOINT WARNING * * *
You block the yak's attack. You block the black bear's attack.
The black bear closely misses you.
The black bear claws you but does no damage.
As you read the scroll of teleportation, it crumbles to dust.
You feel strangely unstable. The death yak gores you!
* * * LOW HITPOINT WARNING * * *
The yak gores you!
* * * LOW HITPOINT WARNING * * *
The yak gores you but does no damage.
The black bear bites you but does no damage.
The black bear claws you but does no damage.
The black bear barely misses you.
You feel better. The death yak gores you.
* * * LOW HITPOINT WARNING * * *
The yak completely misses you. The yak gores you but does no damage.
The black bear bites you but does no damage.
The black bear claws you but does no damage. x2
The black bear attacks as you move away!
The black bear bites you.
* * * LOW HITPOINT WARNING * * *
The black bear claws you but does no damage.
The black bear barely misses you. The yak attacks as you move away!
The yak gores you but does no damage. The death yak gores you.
You die...

.. ....P.. .
#.....P.#
.####......(..
..............
#..... ..>....
#Y..# ......Y
#Yh.#
.....YY####
#.Y.# #Y...
#@Y.# #....
.##+##+#...##
#...#
............#
#####
#+#####.....#
#.....#
#..?..#
#.....#
#####.....#
...........#
##


You could see a death yak, 3 yaks and a black bear.

Vanquished Creatures
  Erica (D:8)
  3 steam dragons
  A basilisk (D:9)
  Edmund (D:5)
  An orc warrior (D:7)
  Pargi (Sewer)
  3 ice beasts
  A sky beast (D:6)
  2 black bears
  2 ogres
  5 centaurs
  2 phantoms
  A bullfrog (D:5)
  2 kobold brigands (D:8)
  A wyvern zombie (D:6)
  2 scorpions
  A wyvern skeleton (D:6)
  A howler monkey (D:6)
  A bullfrog skeleton (D:6)
  3 jellies
  5 orc priests
  2 sleepcaps
  A gnoll bouda (D:7)
  A centaur skeleton (D:6)
  2 iguanas
  4 orc wizards
  A killer bee zombie (D:6)
  A hound zombie (D:3)
  Robin (D:2)
  A howler monkey zombie (D:6)
  4 gnolls
  4 adders
  A shadow imp (D:5)
  2 white imps
  An adder zombie (D:3)
  A worm (D:4)
  A dart slug (D:4)
  25 orcs
  10 ball pythons
  2 bats
  6 endoplasms
  5 giant cockroaches
  13 goblins
  6 hobgoblins
  12 kobolds
  4 quokkas
  17 frilled lizards
  A quokka zombie (D:3)
  7 rats
176 creatures vanquished.

Vanquished Creatures (others)
  An orc (D:8)
  A bush (D:6)
  A fungus (D:9)
  11 plants
  A withered plant (D:6)
15 creatures vanquished.

Grand Total: 191 creatures vanquished

Notes
Turn   | Place    | Note
-------+----------+-------------------------------------------
     0 | D:1      | bande the Gargoyle Fighter began the quest for the Orb.
     0 | D:1      | Reached XP level 1. HP: 14/14 MP: 1/1
   108 | D:1      | Reached XP level 2. HP: 17/19 MP: 2/2
   350 | D:1      | Reached skill level 2 in Axes
  1162 | D:2      | Reached XP level 3. HP: 21/23 MP: 3/3
  1231 | D:2      | Noticed Robin
  1257 | D:2      | Killed Robin
  1307 | D:2      | Reached XP level 4. HP: 29/29 MP: 4/4
  1808 | D:3      | Identified the amulet "Duwnoe" {RegenMP Int+4}
  2221 | D:3      | Reached skill level 3 in Axes
  2221 | D:3      | Reached XP level 5. HP: 33/33 MP: 5/5
  2283 | D:3      | Found Zin's Purification Station.
  2286 | D:3      | Found a glowing silver altar of Zin.
  2394 | D:3      | Found a basalt altar of Yredelemnul.
  2623 | D:4      | Found a glowing drain.
  2627 | Sewer    | Entered a sewer
  2713 | Sewer    | Noticed Pargi
  2734 | Sewer    | Killed Pargi
  2735 | Sewer    | Reached skill level 4 in Axes
  2735 | Sewer    | Reached XP level 6. HP: 38/38 MP: 6/6
  3138 | D:4      | Noticed a black bear
  3151 | D:4      | Killed a black bear
  3268 | D:4      | Reached XP level 7. HP: 27/44 MP: 7/7
  3690 | D:5      | Entered Level 5 of the Dungeon
  3762 | D:5      | Reached skill level 5 in Axes
  3810 | D:5      | Found a snail-covered altar of Cheibriados.
  3841 | D:5      | Noticed Edmund
  3859 | D:5      | Killed Edmund
  3860 | D:5      | Reached skill level 5 in Armour
  4229 | D:5      | Found a stormy altar of Qazlal.
  4229 | D:5      | Found a glowing golden altar of the Shining One.
  4252 | D:5      | Reached XP level 8. HP: 48/48 MP: 8/8
  4397 | D:5      | Found a shimmering blue altar of Sif Muna.
  4589 | D:6      | Reached skill level 5 in Fighting
  4589 | D:6      | Reached skill level 6 in Axes
  4622 | D:6      | Reached skill level 1 in Evocations
  4629 | D:6      | Reached skill level 5 in Shields
  4717 | D:6      | Reached skill level 7 in Axes
  4972 | D:6      | Found a staircase to the Ecumenical Temple.
  4984 | Temple   | Entered the Ecumenical Temple
  5415 | D:6      | Found a shadowy altar of Dithmenos.
  5525 | D:6      | Reached XP level 9. HP: 30/54 MP: 5/9
  5708 | D:6      | Found a sparkling altar of Nemelex Xobeh.
  6322 | D:7      | Reached skill level 8 in Axes
  6683 | D:7      | Got the Folio of Numb Bolts
  6936 | D:7      | Found a blossoming altar of Fedhas.
  6947 | D:7      | Noticed an oklob plant
  8482 | D:8      | Noticed Erica
  8503 | D:8      | Killed Erica
  8504 | D:8      | Reached skill level 9 in Axes
  8504 | D:8      | Reached XP level 10. HP: 32/61 MP: 5/10
  9012 | D:9      | Noticed an elephant
  9013 | D:9      | Found a staircase to the Lair.
  9022 | D:9      | Noticed a death yak
  9389 | D:9      | HP: 2/61 [yak (7)]
  9391 | D:9      | Slain by a death yak

Illustrated notes

Levels and vault maps discovered:
D:1:      dpeg_arrival_central, layout_basic, minivault_5,
          grunt_decor_mini_mirrors, grunt_decor_clamped
D:2:      layout_basic, minivault_11, nicolae_concentric_dashed_squares_mild,
          uniq_robin
D:3:      layout_loops_ring, nicolae_yredelemnul_corpse_copse, zin_purify,
          minmay_lizard_king
D:4:      layout_basic, gup_sewer_entry_bowl, chequers_big_river
D:5:      layout_basic, cheibriados_altar_1, lemuel_blue_sif_altar,
          nicolae_overflow_two_pavilions, uniq_edmund
D:6:      layout_loops_ring, grunt_dithmenos_smoke_and_mirrors,
          nemelex_dance_club_becter, minmay_temple_entry_glassed_door,
          serial_undead, serial_undead_c, serial_undead_a, serial_undead_a,
          serial_undead_e, grunt_decor_cap, kb_lookout_dungeons_type,
          kennysheep_crisscross
D:7:      layout_basic, tgw_fedhas, kennysheep_small_spiral
D:8:      layout_loops_corners, minmay_stone_trees_small, uniq_erica
D:9:      layout_irregular_city, david_lair_generic
Temple:   grunt_temple_mini_profane

Skill      XL: |  1  2  3  4  5  6  7  8  9 |
---------------+----------------------------+-----
Axes           | 2 3 4 5 7 9 |  9.1
Armour         | 4 5 6 7 |  7.4
Fighting       | 4 5 6 |  6.7
Shields        | 4 5 6 |  6.0
Evocations     | 2 4 |  4.4

Action                     |  1- 3 |  4- 6 |  7- 9 | 10-12 || total
---------------------------+-------+-------+-------+-------++-------
  Melee: War axe           |   109 |   193 |   395 |    38 ||   735
    Use: Scroll            |     8 |     6 |     1 |     2 ||    17
         Potion            |       |       |       |     2 ||     2
 Armour: Scale mail        |    76 |    35 |       |       ||   111
         Plate armour      |       |   146 |   450 |    46 ||   642
  Dodge: Dodged            |    39 |    75 |   116 |    15 ||   245
  Block: Buckler           |    31 |    53 |   131 |    17 ||   232

Table legend: (Time is in decaauts)
 A = Elapsed time spent in this place.
 B = Non-inter-level travel time spent in this place.
 C = Inter-level travel time spent in this place.
 D = Time resting spent in this place.
 E = Time spent auto-exploring this place.
 F = Levels seen in this place.
 G = Mean time per level.
                   A        B        C        D        E       F      G
               +--------+--------+--------+--------+--------+-----+--------+
         Total |   9648 |   9330 |    318 |   1672 |   5588 |  11 |  877.1 |
       Dungeon |   9106 |   8806 |    300 |   1672 |   5312 |   9 | 1011.8 |
        Temple |    300 |    282 |     18 |      0 |    171 |   1 |  300.0 |
         Sewer |    241 |    241 |      0 |      0 |    105 |   1 |  241.0 |
               +--------+--------+--------+--------+--------+-----+--------+

Top non-repeatable levels by time:
     D:8: 1412 daAuts
     D:7: 1379 daAuts
     D:6: 1371 daAuts
     D:1: 1172 daAuts
     D:4: 1073 daAuts
     D:5: 916 daAuts
     D:3: 745 daAuts
     D:2: 628 daAuts
     D:9: 407 daAuts
  Temple: 300 daAuts
   Sewer: 241 daAuts
